[Event "87th Tata Steel Masters 2025"]
[White "Harikrishna,Pentala"]
[Black "Giri,Anish"]
[Site "Wijk aan Zee"]
[Round "8.2"]
[Annotator "TA"]
[Result "1/2-1/2"]
[Date "2025.01.26"]
[WhiteElo "2695"]
[BlackElo "2731"]
[PlyCount "60"]
[TimeControl "60"]

1. e4 e5 2. Nf3 Nc6 3. Bb5 a6 4. Ba4 Nf6 5. O-O b5 6. Bb3 Bc5 7. c3 d6 8. d4 Bb6 9. h3 O-O 10. Re1 {[%emt 0:5:8] 10.Be3 is the modern continuation. C78: Ruy Lopez: Archangelsk and Möller Defences.} Rb8 11. Be3 Re8 12. Nbd2 h6 13. dxe5 Nxe5 14. Bc2 $146 {[%emt 0:4:47] Inhibits Nd3.} (14. Nxe5 dxe5 15. Nf1 Bxe3 16. Nxe3 Bb7 17. f3 Qe7 18. Qe2 Nh5 19. Rad1 Nf4 20. Qf2 {1-0 Murzin,V (2612)-Lobanov,S (2547) RUS-ch Higher League 76th 2023 (5)} )Bxe3 15. Rxe3 {[%emt 0:0:11] A sharp opening} c5 16. Re1 Bb7 17. a4 Ng6 18. axb5 axb5 19. b4 Qb6 20. bxc5 Qxc5 21. Rb1 {[%emt 0:0:39] The position is equal.} d5 22. e5 Ne4 23. Bxe4 dxe4 24. Nxe4 Bxe4 25. Rxe4 Nxe5 26. Nxe5 Rxe5 27. Rxe5 Qxe5 $11 {[%emt 0:0:2] KQR-KQR} 28. Qd3 Rc8 29. Qxb5 Qxb5 30. Rxb5 Rxc3 {[%emt 0:0:1] Weighted Error Value: White=0.07 (flawless) /Black=0.09 (flawless)   Inaccurate:     	White=1     	Black=2      OK:         	White=6     	Black=6      Best:        	---       	Black=1} 1/2-1/2

[Event "87th Tata Steel Masters 2025"]
[White "Abdusattorov,Nodirbek"]
[Black "Fedoseev,Vladimir"]
[Site "Wijk aan Zee"]
[Round "8.3"]
[Annotator "TA"]
[Result "1/2-1/2"]
[Date "2025.01.26"]
[WhiteElo "2768"]
[BlackElo "2717"]
[PlyCount "151"]
[TimeControl "60"]

1. e4 e5 2. Nf3 Nf6 3. Nxe5 d6 4. Nf3 Nxe4 5. d4 d5 6. Bd3 Bd6 7. O-O O-O 8. c4 c6 9. Re1 Re8 10. Qb3 {[%emt 0:0:43] C42: Petroff Defence: 3 Nxe5 and unusual White 3rd moves.} h6 11. cxd5 {[%emt 0:1:59] A sharp opening} cxd5 12. Nc3 {[%emt 0:0:8] White is slightly better.} Nxc3 13. Rxe8+ Qxe8 14. bxc3 Qc6 15. Rb1 b6 16. Bb5 Qb7 17. Ba3 Bxa3 18. Qxa3 Bd7 $146 (18... a6 19. Be8 Qc7 20. Ne5 Be6 21. f4 Qd8 22. Ba4 Bf5 23. Re1 Be4 24. c4 Ra7 {½-½ Haapamaeki,M (2324)-Heilala,T (2307) FIN-ch70 email 2019} )19. Qe7 {[%emt 0:0:16] [#] and Ne5 would now be decisive} Nc6 20. Qd6 a6 21. Bxc6 Bxc6 {[%emt 0:0:5] Black is weak on the dark squares} (21... Qxc6 {simplifies} 22. Qxc6 Bxc6 23. Rxb6 Bb5 )22. Ne5 Rc8 23. h4 b5 24. Nd3 Qc7 25. Qxc7 Rxc7 $11 {[%emt 0:0:1][%mdl 4096] Endgame KRB-KRN} 26. Nc5 a5 27. f3 Ra7 28. Rb2 Kf8 29. Kf2 Ke7 30. Ke3 Kd6 {[%emt 0:0:52] The position is equal.} 31. Kd2 h5 32. Nd3 f6 33. Rb1 Be8 34. Re1 Bg6 35. Nc5 Bf5 {[%emt 0:8:34] Against Re6+} 36. Re8 b4 $1 37. g3 Kc6 38. Nd3 Rb7 39. Ra8 Bxd3 40. Kxd3 {[%emt 0:0:10] KR-KR} Kb6 41. Rd8 Kc6 {[%emt 0:50:28] Inhibits Rd6+.} 42. g4 bxc3 43. Rc8+ Kd6 44. Kxc3 Rb1 {[%emt 0:0:0] [#]} 45. Rg8 (45. gxh5 $2 {is the wrong capture.} Rc1+ 46. Kd2 Rxc8 $19 )Rf1 46. gxh5 Rxf3+ 47. Kc2 Rf4 48. Kc3 Rxh4 49. Rxg7 Rxh5 50. Ra7 Rh3+ 51. Kb2 Rd3 52. Ra6+ Ke7 53. Rxa5 Rxd4 54. Kc3 Rc4+ 55. Kd3 Kd6 56. Ra8 Ke5 57. a4 Rd4+ 58. Kc3 Rc4+ 59. Kd3 Rc6 60. a5 Re6 61. a6 f5 62. a7 {[%emt 0:0:0] Rd8 would kill now.} Re7 63. Ke3 d4+ 64. Kd3 f4 65. Rb8 Rxa7 66. Rb5+ $1 Kf6 {[%emt 0:0:48] Threatens to win with ...Re7.} 67. Ke4 d3 {[%emt 0:2:17] ( -> ...Rd7)} 68. Kxf4 Rd7 69. Rb6+ Ke7 {[%emt 0:0:5] ( -> ...d2)} (69... Kf7 $5 70. Rb1 $8 Re7 $11 (70... d2 71. Rd1 $11 ))70. Rb1 $1 d2 71. Rd1 Kf6 72. Ke4 Ke6 73. Kf4 Rd4+ (73... Rd3 $5 )74. Ke3 Ke5 75. Rxd2 Rxd2 76. Kxd2 {[%emt 0:0:2] Weighted Error Value: White=0.03 (flawless) /Black=0.02 (flawless)   Inaccurate:     	White=1     	---        OK:         	White=41    	Black=28     Best:        	White=2     	Black=2      Strong:       	White=2     	Black=1} 1/2-1/2

[Event "87th Tata Steel Masters 2025"]
[White "Praggnanandhaa,Rameshbabu"]
[Black "Gukesh,Dommaraju"]
[Site "Wijk aan Zee"]
[Round "8.4"]
[Annotator "TA"]
[Result "1/2-1/2"]
[Date "2025.01.26"]
[WhiteElo "2741"]
[BlackElo "2777"]
[PlyCount "66"]
[TimeControl "60"]

1. e4 e5 2. Nf3 Nc6 3. Bb5 Nf6 4. d3 Bc5 5. Bxc6 dxc6 6. O-O {[%emt 0:0:6] C65: Ruy Lopez: Berlin Defence (3...Nf6), unusual lines and 4 0-0 Bc5.} (6. Nxe5 $2 {is the wrong capture.} Qd4 7. Qe2 Qxe5 $19 )Qe7 7. Nbd2 a5 8. Nc4 Nd7 9. c3 O-O 10. Qc2 b6 $146 (10... Re8 11. b3 b5 12. Ne3 a4 13. b4 Bd6 14. Rb1 c5 15. Nf5 Qe6 16. Be3 c4 17. dxc4 Qxc4 {½-½ Moegito,A (2254)-Ivanauskas,R (2365) olm22 sf05 email 2020 [5]} )11. Re1 Ba6 12. b3 (12. Nfxe5 {with more complications.} Nxe5 13. Nxe5 Qxe5 14. d4 )Rfe8 13. d4 Bxc4 14. bxc4 Bd6 15. Bd2 a4 16. Rad1 f6 17. g3 Qf7 18. d5 Nc5 19. Be3 Nb7 20. dxc6 Na5 21. Bxb6 Nxc4 22. Be3 Reb8 23. Rb1 {[%emt 0:3:52] Inhibits Rb2.} a3 {[%emt 0:3:39] Black plays on the queen side and is better} (23... Rd8 $15 24. Rbd1 Nxe3 25. Rxe3 Qc4 )24. Rb7 $11 Rxb7 25. cxb7 Rb8 26. Qb3 Nxe3 27. fxe3 Qxb3 28. axb3 Rxb7 $15 {[%emt 0:0:6] KRB-KRN} 29. Nd2 Kf7 30. Ra1 {[%emt 0:2:7] The position is equal.} Ke6 31. Kf2 g6 32. Ra2 f5 33. Kf3 h5 {[%emt 0:3:6] Weighted Error Value: White=0.07 (flawless) /Black=0.05 (flawless)   Mistake:       	---       	Black=1      Inaccurate:     	White=3     	Black=1      OK:         	White=11    	Black=22} 1/2-1/2

[Event "87th Tata Steel Masters 2025"]
[White "Erigaisi,Arjun Kumar"]
[Black "Sarana,Alexey"]
[Site "Wijk aan Zee"]
[Round "8.5"]
[Annotator "TA"]
[Result "1/2-1/2"]
[Date "2025.01.26"]
[WhiteElo "2801"]
[BlackElo "2677"]
[PlyCount "45"]
[TimeControl "60"]

1. d4 Nf6 2. c4 e6 3. Nc3 d5 4. cxd5 exd5 5. Bg5 c6 6. e3 Bf5 7. Qf3 Bg6 8. Bxf6 Qxf6 9. Qxf6 gxf6 10. Nf3 a5 {[%emt 0:0:44][%cal Ya7a5,Ya5a4][%mdl 32] D35: Queen's Gambit Declined: Exchange Variation.} 11. Nh4 Bb4 12. Rc1 Nd7 13. a3 Bxc3+ 14. Rxc3 a4 15. Be2 Ke7 16. g3 $146 (16. f3 Nb6 17. Kf2 Nc8 18. g3 Nd6 19. Ng2 h5 20. Nf4 Bf5 21. h3 Kd7 22. Re1 {½-½ Oparin,G (2681)-Bacrot,E (2662) Julius Baer Play In rapid 2023 (3.25)} )Kd6 17. Kd2 Nf8 18. Rf1 Ne6 19. Bd3 Ra5 20. Nf5+ Kd7 21. Nh4 Kd6 22. Bc2 Nc7 23. Bd3 {[%emt 0:1:43] Weighted Error Value: White=0.10 (very precise) /Black=0.08 (flawless)   Inaccurate:     	White=3     	---        OK:         	White=5     	Black=4} 1/2-1/2

[Event "87th Tata Steel Masters 2025"]
[White "Keymer,Vincent"]
[Black "Caruana,Fabiano"]
[Site "Wijk aan Zee"]
[Round "8.6"]
[Annotator "TA"]
[Result "0-1"]
[Date "2025.01.26"]
[WhiteElo "2733"]
[BlackElo "2803"]
[PlyCount "120"]
[TimeControl "60"]

1. d4 d5 2. c4 e6 3. Nc3 Nf6 4. cxd5 exd5 5. Bg5 Be7 6. e3 c6 7. Bd3 Nbd7 8. Nge2 Nf8 9. Qc2 Ne6 10. Bh4 g6 11. Rd1 {[%emt 0:6:18] D36: Queen's Gambit Declined: Exchange Variation: Main line (5 Bg5 c6 6 Qc2).} O-O 12. O-O a5 $5 {[%emt 0:7:5][%mdl 4] An interesting side line.} 13. Nc1 $146 {[%emt 0:14:59] The position is equal.} (13. f3 b5 14. Kh1 Bb7 15. Bf2 Rc8 16. e4 b4 17. Na4 c5 18. dxc5 dxe4 19. Bxe4 Bxe4 20. fxe4 {1-0 Grishchenko,S (2445)-Subelj,J (2070) Palic Karadzic Memorial op 2017 (1)} )Ng7 14. f3 Be6 15. N1e2 Rc8 16. Kh1 Nd7 17. Bf2 b5 18. Nf4 Nb6 19. e4 Bg5 20. Be3 dxe4 21. fxe4 Bg4 22. Nce2 ({White should play} 22. Rde1 $14 )f5 $11 23. exf5 Nxf5 24. Qb3+ {[%emt 0:0:43] [#]} Nc4 $1 25. Bxc4+ bxc4 26. Qxc4+ Rf7 27. Bc1 (27. Ne6 $11 Nxe3 28. Nxd8 Nxc4 29. Nxf7 )Qe7 $2 (27... Nd6 $19 28. Qb3 Bxf4 29. Bxf4 a4 (29... Bxe2 30. Bxd6 Bxf1 31. Rxf1 $15 ))28. Rde1 $1 Bh4 {[%emt 0:4:44] [#]} 29. Ng3 $1 Qb4 30. Qxb4 axb4 31. Nxf5 Bxf5 32. g3 Bf6 $36 {[%emt 0:0:6][%mdl 2048] Black has some pressure.} 33. d5 Bd7 {[%emt 0:1:55] This pair of bishops is nice.} 34. Nd3 (34. Rd1 $11 )cxd5 35. Nxb4 Bb5 (35... Bh3 $5 36. Rf3 Bf5 37. Rxf5 (37. Nxd5 $2 Rxc1 38. Nxf6+ Rxf6 $19 )gxf5 38. Nxd5 Bg7 $17 )36. Rf4 {[%emt 0:0:43] Black continues to play with concentration.} (36. Rf2 $11 {remains equal.} )Re7 $1 $17 37. Bd2 {[%emt 0:0:33] White is weak on the light squares} (37. Rd1 $17 Re6 38. Kg1 (38. Nxd5 $2 Bc6 $19 ))Rxe1+ $19 38. Bxe1 {[%emt 0:0:1] [#]} Be5 (38... Bxb2 39. a4 (39. Nxd5 $2 Bc6 $19 )Bc4 (39... Bxa4 40. Nd3 $17 )40. a5 $17 )39. Bc3 (39. Bd2 $142 )Bxf4 40. gxf4 {[%emt 0:0:2][%mdl 4096] Endgame KRB-KBN} Kf7 41. Nc2 Bc4 42. a3 {[%emt 0:0:27] [#]} Re8 $1 43. Nd4 Re4 44. f5 (44. Kg2 {was necessary.} )gxf5 45. Kg2 Rf4 46. a4 Ke8 47. a5 Kd7 48. h3 (48. Nf3 $142 )Rf1 49. Nf3 {[%emt 0:0:39] And now Ne5+ would win.} Ba6 50. h4 h5 51. b4 f4 52. Nd4 Bc4 {[%emt 0:3:46] aiming for ...Rd1.} 53. Bb2 $2 (53. b5 )Rb1 54. Bc3 Rd1 55. Nf3 {[%emt 0:0:46] [#]} d4 $1 56. Bb2 (56. Bxd4 Bd5 )Bd5 57. Kf2 d3 (57... Bxf3 $142 58. Kxf3 d3 59. Bc3 d2 60. Ke2 f3+ 61. Kxd1 f2 62. Kxd2 f1=Q (62... f1=R 63. a6 $11 )63. Bd4 Qf4+ 64. Kd3 Qxh4 65. a6 Qg3+ 66. Be3 Qg6+ 67. Kd4 Qxa6 68. Bf4 Qf6+ 69. Ke3 Qc3+ 70. Kf2 Qd4+ (70... Qxb4 $2 71. Ke3 $19 )71. Be3 Qg4 (71... Qxb4 72. Kg3 $19 )72. Ba7 h4 (72... Qxb4 73. Kg3 Qa3+ 74. Kg2 Qxa7 75. Kf3 Qa3+ 76. Kf2 h4 77. Kg2 h3+ 78. Kf2 Qc3 79. Ke2 h2 80. Kf2 h1=Q 81. Ke2 Qhf3# )73. Kf1 h3 (73... Qxb4 {is a self mate.} 74. Bg1 h3 75. Ke2 Qg4+ 76. Kf2 Qg2+ 77. Ke3 Qxg1+ 78. Ke4 h2 79. Kd5 h1=Q+ 80. Kc4 Qe4+ 81. Kc3 Qc1+ 82. Kb3 Qec4# )74. Bb8 Qg2+ (74... Qxb4 75. Bg3 Qd2 76. Be5 h2 77. Bxh2 Qxh2 78. Ke1 Ke6 79. Kd1 Kd5 80. Ke1 Kc4 81. Kd1 Kd3 82. Ke1 Qg1# )75. Ke1 Qc2 76. Bf4 Kc6 (76... Qe4+ 77. Kd2 Qxf4+ 78. Kc3 h2 79. Kb3 h1=Q 80. Ka4 Qc6+ 81. Ka3 Qfc1+ 82. Kb3 Q6c2# )77. Bb8 Kd5 78. Kf1 Ke4 79. Bd6 Kf3 80. Bg3 Qg2+ 81. Ke1 Qe2# )58. Bc3 Bxf3 {[%emt 0:0:24] Black mates.} 59. Kxf3 d2 60. Ke2 {[%emt 0:0:4] [#]} f3+ $1 {[%emt 0:0:5] Weighted Error Value: White=0.57/Black=0.24 (precise)   Loses game:     	White=1     	---        Missed win:     	---       	Black=1      Mistake:       	White=8     	---        Inaccurate:     	White=1     	Black=4      OK:         	White=15    	Black=15     Best:        	---       	Black=4      Strong:       	White=1     	Black=2} 0-1

[Event "87th Tata Steel Masters 2025"]
[White "Mendonca,Leon Luke"]
[Black "Van Foreest,Jorden"]
[Site "Wijk aan Zee"]
[Round "8.7"]
[Annotator "TA"]
[Result "1/2-1/2"]
[Date "2025.01.26"]
[WhiteElo "2639"]
[BlackElo "2680"]
[PlyCount "60"]
[TimeControl "60"]

1. d4 Nf6 2. c4 g6 3. Nc3 d5 4. cxd5 Nxd5 5. e4 Nxc3 6. bxc3 Bg7 7. Qa4+ Nd7 8. Nf3 O-O 9. Bg5 c5 10. Rc1 h6 11. Be3 Nf6 {[%emt 0:7:59] D85: Exchange Grünfeld: Unusual White 7th moves and lines with 7 Nf3.} 12. Bd3 Ng4 13. Bd2 e5 {[%emt 0:2:50] White is slightly better.} 14. d5 $146 {[%emt 0:23:49] NOTEXT-51077 White (d5)} (14. h3 exd4 15. cxd4 Nf6 16. Rxc5 Re8 17. Ne5 b6 18. Rc3 Bb7 19. f3 Nd5 20. exd5 {0-1 Fernandez Madrid,C (2038)-Martinez Ramirez,E (2189) Catalunya-chT Gp2 2018 (4.7)} )f5 15. O-O Nf6 16. Nxe5 fxe4 17. Be2 (17. Bxe4 Qe8 18. Qxe8 Rxe8 19. Bxg6 Rxe5 $14 )Qe8 18. Qxe8 Rxe8 19. Nxg6 {[%emt 0:0:45] and Nf4 should not be overlooked} Nxd5 20. Nf4 Nxf4 21. Bxf4 Be6 22. a4 b6 23. Bb5 Rf8 24. g3 Rad8 25. Rfe1 Bf5 (25... Bd5 $14 )26. Bc6 (26. a5 $16 )Rd3 $14 27. c4 Rd4 (27... Ra3 $11 )28. Be3 (28. Bd5+ $14 {might be stronger.} Kh8 29. Rb1 )Rd3 $11 29. Bf4 Rd4 30. Be3 Rd3 {[%emt 0:0:6] Weighted Error Value: White=0.15 (very precise) /Black=0.09 (flawless)   Mistake:       	White=2     	Black=2      Inaccurate:     	White=3     	Black=1      OK:         	White=9     	Black=11     Best:        	White=2     	Black=2} 1/2-1/2

[Event "87th Tata Steel Masters 2025"]
[White "Van Foreest,Jorden"]
[Black "Warmerdam,Max"]
[Site "Wijk aan Zee"]
[Round "9.1"]
[Annotator "TA"]
[Result "1/2-1/2"]
[Date "2025.01.28"]
[WhiteElo "2680"]
[BlackElo "2646"]
[PlyCount "59"]
[TimeControl "60"]

1. d4 d5 2. c4 e6 3. Nf3 Nf6 4. Nc3 Nbd7 5. Qc2 dxc4 6. e4 {[%emt 0:1:5] D37: Queen's Gambit Declined: 5 Bf4.} c5 7. dxc5 Bxc5 8. Bxc4 {[%emt 0:0:18] White is slightly better.} a6 9. O-O Qc7 10. Qe2 Bd6 11. Rd1 $5 $146 {[%emt 0:0:22][%cal Yd1d6][%mdl 8] [#] New and interesting.} (11. Bb3 b5 12. Bg5 O-O 13. Rac1 Qb8 14. Rfd1 Bb7 15. a3 h6 16. Bh4 Bf4 17. Bg3 Bxg3 18. hxg3 {½-½ Bluebaum,M (2670)-Bjerre,J (2627) POL-chT Ekstraliga 2023 (9.4)} )Ng4 12. h3 Nge5 {[%emt 0:2:26] A sharp opening} 13. Bb3 Nxf3+ 14. Qxf3 O-O 15. Be3 Bh2+ 16. Kh1 Be5 17. Rac1 Qb8 18. Qg4 Nf6 19. Qh4 b5 20. f4 $1 Bxc3 21. Rxc3 {[%emt 0:0:35] Bd4 would now be deadly.} Bb7 {[%emt 0:7:0] Black is weak on the dark squares} 22. Bd4 {[%emt 0:30:30] White is much more active.} Nxe4 23. Be5 Nxc3 {[%emt 0:1:33] [#]} 24. bxc3 ({Of course not} 24. Bxb8 $6 Nxd1 25. Be5 Ne3 $11 )(24. Rd7 $1 $16 Bxg2+ 25. Kxg2 )Qe8 $11 {[%emt 0:4:56] The position is equal.} 25. Bxg7 Kxg7 26. Qg5+ Kh8 27. Qf6+ Kg8 28. Qg5+ Kh8 29. Qf6+ Kg8 {[%emt 0:0:3] Strongly threatening ...Be4.} 30. Qg5+ {[%emt 0:3:37] Weighted Error Value: White=0.07 (flawless) /Black=0.07 (flawless)   Mistake:       	White=1     	---        Inaccurate:     	---       	Black=1      OK:         	White=10    	Black=10     Best:        	White=3     	Black=1      Strong:       	White=1     	---} 1/2-1/2

[Event "87th Tata Steel Masters 2025"]
[White "Sarana,Alexey"]
[Black "Keymer,Vincent"]
[Site "Wijk aan Zee"]
[Round "9.2"]
[Annotator "TA"]
[Result "1/2-1/2"]
[Date "2025.01.28"]
[WhiteElo "2677"]
[BlackElo "2733"]
[PlyCount "90"]
[TimeControl "60"]

1. d4 Nf6 2. c4 e6 3. Nc3 Bb4 4. Nf3 O-O 5. Bg5 c5 6. e3 cxd4 {[%emt 0:8:16] E21: Nimzo-Indian: 4 Nf3.} 7. Qxd4 Nc6 8. Qd3 Qa5 $146 (8... h6 9. Bh4 d5 10. Rd1 g5 11. Bg3 Ne4 12. Nd2 Nc5 13. Qc2 d4 14. Nf3 e5 15. Nxe5 dxc3 16. Rxd8 cxb2+ {0-1 Bai,J (2553)-Ding,L (2774) CHN-chT China 2017 (18.4)} )9. Bxf6 gxf6 10. Be2 Bxc3+ 11. bxc3 b6 12. O-O Rd8 13. Nd2 Ba6 14. e4 Kh8 15. Nb3 Qa3 16. f4 Rac8 17. Rf3 Qe7 18. Qe3 Rg8 19. Rd1 Nd8 {[%emt 0:4:13] [#]} 20. c5 $1 Bxe2 21. Qxe2 bxc5 22. Na5 Nc6 $1 23. Nc4 {[%emt 0:1:23] [#]} d5 $1 24. exd5 exd5 25. Qxe7 Nxe7 26. Nd6 Rc6 27. Re3 (27. Nxf7+ $2 Kg7 28. Rh3 Kxf7 $19 )Rxd6 28. Rxe7 $11 {[%emt 0:0:3][%mdl 4096] Endgame KRR-KRR. Black is a pawn up.} Kg7 29. Rxa7 Rb8 30. Ra5 Rb2 31. Rd3 c4 32. Rg3+ Kf8 33. f5 Rd8 34. h3 Rd2 35. Re3 Rc8 36. Kh2 $1 h5 37. a4 h4 38. Rb5 Kg7 39. Rb7 (39. a5 $11 )Rg8 $15 ({Reject} 39... d4 40. cxd4 Kh6 (40... Rxd4 41. Rb4 $11 )41. Rxf7 $11 )40. Rbe7 Rc2 ({Black should try} 40... Kh6 $15 41. Re2 Rxe2 42. Rxe2 Ra8 )41. Re2 $1 $11 {[%emt 0:22:33] The position is equal.} Rxc3 42. Rd2 Rd8 {[%emt 0:28:51] and ...d4 should not be overlooked} 43. Rd4 Rc2 44. Rg4+ Kf8 45. Rc7 d4 {[%emt 0:8:16] Weighted Error Value: White=0.05 (flawless) /Black=0.05 (flawless)   Mistake:       	White=1     	Black=1      Inaccurate:     	White=2     	Black=1      OK:         	White=21    	Black=16     Best:        	---       	Black=1      Strong:       	White=2     	Black=1      Brilliant:      	---       	Black=1} 1/2-1/2

[Event "87th Tata Steel Masters 2025"]
[White "Gukesh,Dommaraju"]
[Black "Mendonca,Leon Luke"]
[Site "Wijk aan Zee"]
[Round "9.3"]
[Annotator "TA"]
[Result "1-0"]
[Date "2025.01.28"]
[WhiteElo "2777"]
[BlackElo "2639"]
[PlyCount "85"]
[TimeControl "60"]

1. e4 e5 2. Nf3 Nc6 3. Bb5 a6 4. Ba4 Nf6 5. O-O b5 6. Bb3 Bc5 {[%emt 0:0:6] is now debated instead of 6...Be7.} 7. a4 {[%emt 0:4:51] and axb5 should not be overlooked} Rb8 {[%emt 0:0:46] C78: Ruy Lopez: Archangelsk and Möller Defences.} (7... Bb7 $11 )8. d3 (8. axb5 $16 axb5 9. Nxe5 Nxe5 10. d4 Bxd4 11. Qxd4 )d6 9. Bg5 $5 {[%emt 0:4:38][%mdl 4] An interesting side line.} h6 {[%emt 0:0:6] The position is equal.} 10. Bh4 g5 11. Bg3 O-O 12. c3 Bb6 (12... b4 $5 )13. Na3 Ne7 $146 (13... b4 $11 {remains equal.} 14. Nc4 bxc3 15. bxc3 Ba7 )(13... b4 14. Nc4 bxc3 15. bxc3 Na5 16. Nxa5 Bxa5 17. Qc2 Nh5 18. Nd2 c6 19. Nc4 Bc7 {½-½ Balogh,C (2583)-Lalic,B (2393) CRO-chT1A 30th 2022 (4.1)} )14. Nc2 ({White should try} 14. axb5 $16 axb5 15. Re1 (15. Nxb5 Ng6 $11 ))Ng6 15. Ne3 Bxe3 16. fxe3 {[%emt 0:0:7] A sharp opening} Kg7 17. Bc2 c5 18. axb5 axb5 19. b4 cxb4 20. cxb4 Qe7 21. Ra5 Bd7 22. d4 Bc6 23. Qa1 Rfe8 $1 24. Bb3 Ra8 {[%emt 0:3:2] Prevents Ra7.} (24... Nxe4 $2 {is the wrong capture.} 25. dxe5 (25. Nxe5 dxe5 26. Rxf7+ Qxf7 $16 )Nxg3 26. exd6+ Qf6 27. Qxf6+ (27. hxg3 Qxa1 28. Raxa1 Bxf3 $16 )Kxf6 28. hxg3 $18 )25. Nd2 Rf8 26. Bc2 $36 {[%emt 0:2:44][%mdl 2048] White is more active.} Nh5 27. Be1 Nf6 (27... Rfc8 $14 )28. Rf5 (28. d5 $16 Bb7 29. Nb3 )Rxa5 29. bxa5 Re8 ({Better is} 29... Rc8 $14 )30. d5 $16 Bd7 31. Rf2 Bc8 (31... Ra8 $142 )32. Nf1 Qa7 33. Qa3 Rd8 (33... Ng4 $16 )34. Bb4 $18 Ne8 35. Ng3 Ne7 36. Bd1 Ng8 37. Be2 Qb7 38. Bd3 Ngf6 39. Rc2 Bd7 $2 (39... Kg8 40. Be2 (40. Rc6 Qa7 $18 )Qa7 41. Bxb5 Bd7 )40. Bxd6 {[%emt 0:0:57] White is clearly winning.} Nxd6 41. Qxd6 Qa7 42. Qxe5 {[%emt 0:0:0] [#] Intending Nh5+ and mate.} Qxe3+ 43. Rf2 {[%emt 0:0:0] Weighted Error Value: White=0.24 (precise) /Black=0.63  Mistake:       	White=3     	Black=6      Inaccurate:     	White=5     	Black=6      OK:         	White=13    	Black=7      Best:        	White=1     	---        Strong:       	---       	Black=1} 1-0

[Event "87th Tata Steel Masters 2025"]
[White "Caruana,Fabiano"]
[Black "Abdusattorov,Nodirbek"]
[Site "Wijk aan Zee"]
[Round "9.4"]
[Annotator "TA"]
[Result "1/2-1/2"]
[Date "2025.01.28"]
[WhiteElo "2803"]
[BlackElo "2768"]
[PlyCount "64"]
[TimeControl "60"]

1. d4 d5 2. Nf3 Nf6 3. c3 a5 4. Bf4 Bf5 5. Nbd2 h6 6. e3 e6 7. Qb3 Ra7 8. a4 Be7 9. Be2 Nbd7 10. h3 O-O 11. O-O c6 12. Rfc1 Ne4 13. Nxe4 Bxe4 14. Qd1 Bxf3 15. Bxf3 Nf6 16. Rab1 Bd6 17. Bxd6 Qxd6 18. b4 axb4 19. Rxb4 Qe7 20. Qb3 Ne8 21. c4 dxc4 22. Qxc4 Nd6 23. Qd3 Rfa8 24. Bd1 Ra5 25. Rcb1 g6 26. Bc2 Rd8 (26... c5 {feels hotter.} 27. Rb6 cxd4 28. Qxd4 R8a6 )27. Qc3 Rd7 28. e4 Ra8 29. Qc5 Rad8 (29... Qg5 $11 )30. Bd3 {[%emt 0:2:15] White is more active.} (30. e5 $16 Nf5 31. Qxe7 Rxe7 32. Rxb7 Rxb7 33. Rxb7 Nxd4 34. Be4 )Qg5 $11 {[%emt 0:4:27] The position is equal.} 31. Qxg5 hxg5 32. f3 Kg7 {[%emt 0:8:16] Weighted Error Value: White=0.10 (very precise) /Black=0.10 (very precise) .  Mistake:       	White=1     	Black=1      Inaccurate:     	White=1     	---        OK:         	White=10    	Black=9} 1/2-1/2